 Dungeon Crawl Stone Soup version 0.27-a0-393-gba1aca71f1 (webtiles) character file.

Game seed: 15436895022113333287

297228 EldarEldrad the Severer (level 20, 0/190 (193) HPs)
             Began as a Minotaur Berserker on Feb 20, 2021.
             Was the Champion of Trog.
             Killed from afar by Margery (15 damage)
             ... with a fireball
             ... on level 2 of the Vaults on Feb 21, 2021.
             The game lasted 02:57:14 (48569 turns).

EldarEldrad the Severer (Minotaur Berserker)       Turns: 48569, Time: 02:57:15

HP:   0/190 (193)   AC: 25    Str: 33    XL:     20   Next: 9%
MP:   19/19         EV: 15    Int:  6    God:    Trog [******]
Gold: 1131          SH: 17    Dex: 11    Spells: 19/19 levels left

rFire    + . .     SeeInvis .   a - +9 broad axe "Fafusut" {flame, rC- rN+ Int+2}
rCold    + . .     Faith    +   V - +2 kite shield
rNeg     + . .     Spirit   .   A - +2 plate armour {rC+}
rPois    +         Reflect  .   H - +1 hat {Stlth+}
rElec    +         Harm     .   u - scarf {rC+ rF+}
rCorr    .         Rampage  .   P - +0 pair of gloves
Will     +++..                  R - +2 pair of boots {Fly}
Stlth    ..........             X - amulet of the Endless Expanse {Faith rElec rPois Dex-2}
HPRegen  0.41/turn              U - ring of willpower
MPRegen  0.16/turn              C - ring of Contentment {rPois Will+ Str+5}

@: about to teleport, berserk cooldown, slowed, lightly drained, very slow
A: retaliatory headbutt, horns 2
}: 2/15 runes: decaying, serpentine
a: Renounce Religion, Evoke Flight, Berserk, Trog's Hand, Brothers in Arms


You were on level 2 of the Vaults.
You worshipped Trog.
Trog was exalted by your worship.
You visited 7 branches of the dungeon, and saw 34 of its levels.
You also visited: Ice Cave and Volcano.

You collected 3884 gold pieces.
You spent 2753 gold pieces at shops.

Inventory:

Hand Weapons
 a - the +9 broad axe "Fafusut" (weapon) {flame, rC- rN+ Int+2}
   (Trog gifted it to you on level 1 of the Orcish Mines)

   It has been specially enchanted to burn those struck by it, causing extra
   injury to most foes and up to half again as much damage against particularly
   susceptible opponents.
   Big, fiery blades are also staple armaments of hydra-hunters.
   It affects your intelligence (+2).
   It makes you vulnerable to cold.
   It protects you from negative energy.
 b - the +3 flail of Tinwoocy {vorpal, rPois}
   (You found it on level 6 of the Lair of Beasts)

   It inflicts extra damage upon your enemies.
   It protects you from poison.
Missiles
 r - 119 poisoned darts (quivered)
Armour
 u - a scarf of resistance (worn)
 A - a +2 plate armour of cold resistance (worn)
 H - a +1 hat of stealth (worn)
 P - a +0 pair of gloves (worn)
 R - a +2 pair of boots of flying (worn)
 S - a +0 cloak of willpower
 V - a +2 kite shield (worn)
Jewellery
 n - a ring of protection from cold
 C - the ring of Contentment (right hand) {rPois Will+ Str+5}
   (You bought it in a shop on level 13 of the Dungeon)

   [ring of willpower]

   It affects your strength (+5).
   It protects you from poison.
   It affects your willpower, your defense against some magical effects.
 I - a ring of resist corrosion
 U - a ring of willpower (left hand)
 W - a ring of protection from fire
 X - the amulet of the Endless Expanse (around neck) {Faith rElec rPois Dex-2}
   (You bought it in a shop on level 1 of the Vaults)

   [amulet of faith]

   It allows you to gain divine favour quickly.
   It affects your dexterity (-2).
   It insulates you from electricity.
   It protects you from poison.
Wands
 g - a wand of acid (54)
 j - a wand of iceblast (51)
 q - a wand of paralysis (37)
 x - a wand of mindburst (59)
 y - a wand of flame (64)
 Q - a wand of polymorph (29)
 T - a wand of digging (6)
Scrolls
 c - 5 scrolls of fog
 d - 12 scrolls of teleportation
 e - 7 scrolls of blinking
 h - 4 scrolls of noise
 m - 7 scrolls of enchant weapon
 p - 6 scrolls of immolation
 t - 5 scrolls of enchant armour
 v - 7 scrolls of magic mapping
 z - a scroll of fear
 J - a scroll of silence
 L - 3 scrolls of summoning
 M - a scroll of acquirement {unknown}
 N - 2 scrolls of brand weapon
Potions
 f - 4 potions of might
 i - 7 potions of flight
 k - 8 potions of haste
 l - 6 potions of heal wounds
 o - 19 potions of curing
 s - 5 potions of cancellation
 w - 9 potions of lignification
 B - 3 potions of magic
 D - a potion of ambrosia
 E - 2 potions of resistance
 F - 9 potions of mutation
 K - 2 potions of berserk rage
Miscellaneous
 O - a box of beasts
 Y - a lightning rod (4/4)


   Skills:
 - Level 20.0 Fighting
 - Level 20.0 Axes
 - Level 15.0 Armour
 - Level 15.0 Dodging
 - Level 15.0 Shields
 + Level 14.8 Evocations


You had 19 spell levels left.
You didn't know any spells.
Your spell library was empty.

Dungeon Overview and Level Annotations

Branches:
Dungeon (15/15)            Temple (1/1) D:4            Lair (6/6) D:9
  Swamp (4/4) Lair:3        Snake (4/4) Lair:3        Slime (0/5) Lair:6
    Orc (2/2) D:12            Elf (0/3) Orc:2        Vaults (2/5) D:14
 Depths (0/5) D:15          IceCv (visited)         Volcano (visited)
  Crypt: Vaults:2-3

Altars:
Ashenzari
Cheibriados
Dithmenos
Elyvilon
Fedhas
Gozag
Hepliaklqana
Kikubaaqudgha
Makhleb
Nemelex Xobeh
Okawaru
Qazlal
Ru
Sif Muna
Trog
Uskayaw
Vehumet
Wu Jian
Xom
Yredelemnul
Zin
The Shining One
Beogh
Jiyva

Shops:
D:5 (   D:13 =   D:14 *   Orc:1 [   Orc:2 ([(:   Snake:2 [   Vaults:1 =

Annotations:
Vaults:2 Margery


Innate Abilities, Weirdness & Mutations

You reflexively headbutt those who attack you in melee.
You have a pair of horns on your head.


Message History

The yaktaur wields a +0 arbalest.
The yaktaur shoots a bolt.
The bolt misses you.
The bolt hits the hell knight!!
The yaktaur shouts!
You slash the hell knight! You headbutt the hell knight.
The hell knight is almost dead.
You block the hell knight's attack.
You slice the hell knight!!
You kill the hell knight!
Trog accepts your kill.
Trog appreciates your killing of a magic user.
A yaktaur comes into view.
Margery points at you and mumbles some strange words.
The bolt of fire hits you! You resist.
* * * LOW HITPOINT WARNING * * *
The yaktaur shoots a bolt.
The bolt barely misses you.
You feel a strong urge to attack something.
You are no longer berserk.
You are exhausted.
You feel yourself slow down.
A hell knight comes into view. It is wielding a +0 great sword.
You slash Margery! You burn Margery. You headbutt Margery!
Margery is moderately wounded.
Margery points at you and mumbles some strange words.
The bolt of fire hits you! You resist.
* * * LOW HITPOINT WARNING * * *
The yaktaur wields a +0 arbalest.
The yaktaur shoots a bolt.
The bolt closely misses you.
The bolt hits Margery.
Unknown command.
As you read the scroll of teleportation, it crumbles to dust.
You feel strangely unstable. You block Margery's attack.
The yaktaur shoots a bolt.
The bolt completely misses you.
The bolt hits Margery!!
Margery hits you with a +1 demon blade!
* * * LOW HITPOINT WARNING * * *
The yaktaur wields a +0 arbalest.
The yaktaur shoots a bolt.
You block the bolt. The hell knight closely misses you.
You furiously retaliate!
You headbutt the hell knight.
The yaktaur shoots a bolt.
The bolt hits you but does no damage. Margery casts a spell at you.
The fireball explodes!
The fireball engulfs you! You resist.
You die...

##########
#.....)..# .
#....)c..#..
#.##..##.'..
#...).)c.#
#..)@..c.#
#.p......#
#.@......#
....########
#....# #....
.... ... #..


You could see Margery, a hell knight and 3 yaktaurs.

Vanquished Creatures
  Mara (Swamp:4)
  Vashnia (Snake:3)
  The ghost of Odwax the Hoplite, an adept MiFi of Okawaru (Swamp:3)
  Gastronok (Lair:3)
  Agnes (Snake:2)
  2 thorn hunters
  Kirke (Snake:1)
  10 nagarajas
  The ghost of Lofupn the Imperceptible, an adept SpEn of Wu Jian (Vaults:1)
  Aizul (Snake:1)
  A frost giant (D:15)
  2 orc warlords
  Louise (Snake:1)
  A vault warden (Vaults:1)
  2 ironheart preservers
  The ghost of Besoadued the Covert, a journeyman HuAr of Makhleb (Lair:6)
  2 very ugly things (IceCv)
  3 bunyips (Swamp:3)
  An ettin (Orc:1)
  10 eleionomae
  2 shambling mangroves (Swamp:4)
  5 fire dragons
  Erolcha (D:12)
  Fannar (Lair:1)
  3 yaktaur captains
  Harold (D:11)
  3 vault guards (Vaults:1)
  A ghost crab (Swamp:2)
  30 hydras
  2 ogre magi
  5 boulder beetles
  8 anacondas
  8 centaur warriors
  A rakshasa (D:12)
  23 naga warriors
  A death knight (D:15)
  A hell hog (Volcano)
  A vampire mage (Swamp:2)
  A queen ant (Lair:2)
  10 two-headed ogres
  8 alligators
  A tengu warrior (D:13)
  3 orc high priests (Orc:2)
  21 naga sharpshooters
  Urug (Lair:2)
  4 hell knights (Vaults:2)
  18 shock serpents
  3 salamander mystics
  6 goliath frogs
  A flayed ghost (Vaults:1)
  3 skeletal warriors (D:13)
  3 unseen horrors
  4 spriggan druids
  17 swamp dragons
  6 bog bodies
  A wizard (Vaults:2)
  7 ironbrand convokers
  An obsidian statue (D:9)
  2 phantasmal warriors
  5 deep elf pyromancers
  10 naga ritualists
  4 orc knights
  A necromancer (Vaults:2)
  10 mana vipers
  A human zombie (Vaults:2)
  4 oklob plants (Lair:3)
  8 cyclopes
  A sphinx zombie (Vaults:2)
  3 orc sorcerers
  13 ugly things
  4 will-o-the-wisps
  16 salamanders
  8 manticores
  12 elephants
  47 black mambas
  5 guardian serpents
  5 ice statues (IceCv)
  27 naga magi
  2 vault sentinels (Vaults:1)
  A torpor snail (Lair:2)
  22 cane toads
  A gargoyle (D:10)
  Psyche (D:12)
  3 kobold demonologists
  4 freezing wraiths
  3 rime drakes
  A tengu conjurer (D:12)
  14 komodo dragons
  16 yaktaurs
  An anaconda simulacrum (IceCv)
  A yaktaur (shapeshifter) (D:15)
  3 meliai (D:14)
  A golden dragon simulacrum (IceCv)
  12 trolls
  The ghost of highc0 the Destroyer, a novice DECj (D:5)
  A bloated husk (Swamp:2)
  6 hornets
  3 polar bears
  11 tyrant leeches
  A meliai zombie (D:15)
  27 blink frogs
  4 dream sheep (Lair:6)
  9 slime creatures
  6 spriggans
  A shadow (D:11)
  A centaur simulacrum (D:15)
  3 vampires
  3 wraiths
  8 wyverns
  41 yaks
  3 hogs (Snake:1)
  4 fire bats (Volcano)
  2 basilisks
  11 vampire mosquitoes
  A steam dragon (D:13)
  54 nagas
  6 wargs
  A harpy simulacrum (IceCv)
  13 soldier ants (Lair:2)
  18 swamp worms
  5 acid dragons
  A naga (shapeshifter) (D:12)
  2 soldier ants (shapeshifter)
  2 iron troll simulacra (IceCv)
  4 hydra simulacra (IceCv)
  22 water moccasins
  3 hell hounds (Volcano)
  44 orc warriors
  A meliai simulacrum (D:14)
  8 sky beasts
  An eye of draining (D:11)
  10 ice beasts
  A hornet zombie (D:13)
  A necrophage (D:5)
  9 wolves
  10 swamp drakes
  8 boggarts
  16 ogres
  5 phantoms
  21 centaurs
  9 kobold brigands
  39 bullfrogs
  2 gnoll sergeants
  3 wyvern skeletons
  A scorpion (shapeshifter) (Vaults:1)
  A water moccasin skeleton (D:9)
  3 scorpions
  9 killer bees
  30 wights
  4 howler monkeys
  2 electric eels
  2 quasits
  3 bullfrog zombies
  3 hounds
  6 jellies
  24 orc priests
  8 bullfrog skeletons
  4 centaur skeletons
  A gnoll shaman (D:9)
  Jessica (D:2)
  5 iguanas
  29 orc wizards
  43 worker ants
  A hound zombie (D:6)
  3 hound skeletons (D:6)
  A worker ant zombie (D:8)
  11 gnolls
  16 adders
  5 shadow imps
  4 white imps
  An ufetubus (D:5)
  3 oozes
  An adder zombie (D:5)
  An adder skeleton (D:5)
  7 worms
  2 dart slugs
  5 leopard geckos
  105 orcs
  6 giant cockroaches
  5 goblins
  9 hobgoblins
  4 jackals (D:2)
  2 quokkas
  2 ball pythons
  6 bats
  8 frilled lizards
  A jackal skeleton (D:6)
  53 kobolds
  A leopard gecko skeleton (D:6)
  A quokka skeleton (D:8)
  A quokka zombie (D:6)
  6 rats
1448 creatures vanquished.

Vanquished Creatures (collateral kills)
  The ghost of Zawk the Grappler, a journeyman TrMo of Jiyva (Lair:3)
  A hydra (Lair:3)
  5 orcs (Orc:1)
7 creatures vanquished.

Vanquished Creatures (others)
  An ogre mage (Vaults:2)
  A bog body (Swamp:2)
  A swamp dragon (Swamp:1)
  A salamander (Snake:2)
  A black mamba (Snake:2)
  2 bloated husks
  A briar patch (Swamp:4)
  4 bushes (Lair:6)
  29 foxfires
  42 fungi
  139 plants
222 creatures vanquished.

Grand Total: 1677 creatures vanquished

Notes
Turn   | Place    | Note
-------+----------+-------------------------------------------
     0 | D:1      | EldarEldrad the Minotaur Berserker began the quest for the
                  | Orb.
     0 | D:1      | Reached XP level 1. HP: 19/19 MP: 0/0
   466 | D:1      | Reached XP level 2. HP: 26/26 MP: 1/1
   825 | D:2      | Reached skill level 5 in Axes
   946 | D:2      | Reached ** piety under Trog
   947 | D:2      | Reached XP level 3. HP: 28/31 MP: 2/2
   974 | D:2      | Found a snail-covered altar of Cheibriados.
  1113 | D:2      | Found a blossoming altar of Fedhas.
  1168 | D:2      | Noticed Jessica
  1177 | D:2      | Killed Jessica
  1178 | D:2      | Reached XP level 4. HP: 39/39 MP: 3/3
  1276 | D:2      | Found a sparkling altar of Nemelex Xobeh.
  1455 | D:2      | Found a glowing silver altar of Zin.
  1464 | D:2      | Found a white marble altar of Elyvilon.
  1519 | D:2      | Found an opulent altar of Gozag.
  1682 | D:3      | Reached XP level 5. HP: 45/45 MP: 4/4
  1815 | D:3      | Found a sacrificial altar of Ru.
  2111 | D:3      | Found a broken altar of Ashenzari.
  2418 | D:3      | Found a faded altar of an unknown god.
  2418 | D:3      | Found a blossoming altar of Fedhas.
  2424 | D:3      | Found a shadowy altar of Dithmenos.
  2426 | D:3      | Found an ancient bone altar of Kikubaaqudgha.
  2428 | D:3      | Found a hazy altar of Hepliaklqana.
  2613 | D:4      | Found a staircase to the Ecumenical Temple.
  2657 | Temple   | Entered the Ecumenical Temple
  3574 | D:4      | Reached XP level 6. HP: 45/51 MP: 5/5
  4114 | D:5      | Entered Level 5 of the Dungeon
  4200 | D:5      | Found Deyqie's Weapon Shoppe.
  4367 | D:5      | Reached *** piety under Trog
  4593 | D:5      | Found an iron altar of Okawaru.
  4623 | D:5      | Found a runed translucent gate.
  4624 | D:5      | Found a runed translucent gate.
  4625 | D:5      | Found a runed translucent gate.
  4627 | D:5      | Noticed highc0's ghost (novice DECj)
  4688 | D:5      | Reached XP level 7. HP: 57/57 MP: 6/6
  4764 | D:5      | Reached skill level 10 in Axes
  5376 | D:5      | Killed highc0's ghost
  5377 | D:5      | Reached XP level 8. HP: 64/64 MP: 7/7
  5940 | D:6      | You fall into a shaft and drop 3 floors!
  6731 | D:6      | Reached **** piety under Trog
  6732 | D:6      | Reached skill level 5 in Fighting
  6855 | D:6      | Reached skill level 1 in Shields
  6855 | D:6      | Reached XP level 9. HP: 63/74 MP: 8/8
  7079 | D:6      | Identified the +1 plate armour of Newnek Eqyb {+Blink Will+
                  | Str-2}
  8270 | D:7      | Reached skill level 5 in Armour
  9107 | D:8      | Noticed a deep elf pyromancer
  9138 | D:8      | Killed a deep elf pyromancer
  9139 | D:8      | Reached XP level 10. HP: 60/81 MP: 9/9
  9314 | D:8      | Reached ***** piety under Trog
  9317 | D:8      | Noticed a cyclops
  9331 | D:8      | Killed a cyclops
  9332 | D:8      | Reached skill level 10 in Armour
  9380 | D:8      | Noticed a two-headed ogre
  9393 | D:8      | Killed a two-headed ogre
  9778 | D:8      | Noticed a deep elf pyromancer
  9806 | D:8      | Killed a deep elf pyromancer
 10316 | D:9      | Noticed an obsidian statue
 10519 | D:9      | Found a glowing golden altar of the Shining One.
 10553 | D:9      | Reached skill level 1 in Evocations
 10778 | D:9      | Received a gift from Trog
 11173 | D:9      | Found a staircase to the Lair.
 11509 | D:9      | Noticed a two-headed ogre
 11523 | D:9      | Killed a two-headed ogre
 11524 | D:9      | Reached XP level 11. HP: 67/90 MP: 10/10
 11630 | D:9      | Killed an obsidian statue
 11804 | Lair:1   | Entered Level 1 of the Lair of Beasts
 11936 | Lair:1   | Noticed a four-headed hydra
 11967 | Lair:1   | Reached skill level 5 in Evocations
 11973 | Lair:1   | Killed a four-headed hydra
 12362 | Lair:1   | Noticed a seven-headed hydra
 12380 | Lair:1   | Killed a seven-headed hydra
 12708 | Lair:1   | Noticed Fannar
 13229 | Lair:1   | Reached skill level 15 in Axes
 13231 | Lair:1   | Killed Fannar
 13479 | Lair:2   | Noticed Urug
 13493 | Lair:2   | Killed Urug
 13924 | Lair:2   | Reached skill level 5 in Dodging
 13940 | Lair:2   | Reached XP level 12. HP: 78/101 MP: 11/11
 14691 | Lair:2   | Noticed a queen ant
 14709 | Lair:2   | Killed a queen ant
 14872 | Lair:2   | Received a gift from Trog
 16143 | Lair:3   | Found a runed translucent gate.
 16176 | Lair:3   | Noticed Zawk's ghost (journeyman TrMo)
 16177 | Lair:3   | Noticed a five-headed hydra
 16177 | Lair:3   | Noticed a six-headed hydra
 16186 | Lair:3   | Found a runed translucent gate.
 16186 | Lair:3   | Found a runed translucent gate.
 16197 | Lair:3   | Found a staircase to the Snake Pit.
 16442 | Lair:3   | Found a staircase to the Swamp.
 16718 | Lair:3   | Reached skill level 10 in Dodging
 16800 | Lair:3   | Noticed Gastronok
 16827 | Lair:3   | Killed Gastronok
 17740 | Lair:4   | Reached XP level 13. HP: 105/113 MP: 10/12
 17857 | Lair:4   | Reached skill level 10 in Fighting
 18396 | Lair:4   | Received a gift from Trog
 18954 | Lair:5   | Found a dark tunnel.
 18961 | Volcano  | Entered a volcano
 18981 | Volcano  | Noticed a fire dragon
 18996 | Volcano  | Killed a fire dragon
 20039 | Lair:6   | Entered Level 6 of the Lair of Beasts
 20071 | Lair:6   | Found a viscous altar of Jiyva.
 20071 | Lair:6   | Found a staircase to the Slime Pits.
 20686 | Lair:6   | Reached XP level 14. HP: 106/121 MP: 13/13
 21417 | Lair:6   | Received a gift from Trog
 21719 | Lair:6   | Found a runed translucent door.
 21720 | Lair:6   | Noticed Besoadued's ghost (journeyman HuAr)
 21741 | Lair:6   | Killed Besoadued's ghost
 22367 | Lair:6   | Got a twisted flail
 22369 | Lair:6   | Identified the +3 flail of Tinwoocy {vorpal, rPois} (You
                  | found it on level 6 of the Lair of Beasts)
 22490 | D:10     | Entered Level 10 of the Dungeon
 23046 | D:11     | Reached ****** piety under Trog
 23116 | D:11     | Noticed Harold
 23135 | D:11     | Killed Harold
 23514 | D:11     | Received a gift from Trog
 23751 | D:11     | Found a shimmering altar of Xom.
 23961 | D:12     | Noticed Erolcha
 23972 | D:12     | Killed Erolcha
 24081 | D:12     | Noticed Psyche
 24091 | D:12     | Killed Psyche
 24207 | D:12     | Reached skill level 5 in Shields
 24209 | D:12     | Found a staircase to the Orcish Mines.
 25105 | D:12     | Identified the amulet "Ketosaz" {Spirit rF- rN+ Stlth+}
 25120 | D:12     | Found a runed translucent door.
 25137 | D:12     | Reached XP level 15. HP: 117/126 MP: 12/14
 25138 | D:12     | Identified the +8 spear "Guytinal" {vorpal, Dex+2}
 25675 | Orc:1    | Entered Level 1 of the Orcish Mines
 25687 | Orc:1    | Received a gift from Trog
 25690 | Orc:1    | Got a masterwork broad axe {god gift}
 25691 | Orc:1    | Identified the +9 broad axe "Fafusut" {flame, rC- rN+
                  | Int+2} (Trog gifted it to you on level 1 of the Orcish
                  | Mines)
 25772 | Orc:1    | Found Jyveojops's Armour Shoppe.
 26001 | Orc:1    | Noticed an orc warlord
 26040 | Orc:1    | Killed an orc warlord
 26292 | Orc:1    | Found a roughly hewn altar of Beogh.
 26460 | Orc:2    | Entered Level 2 of the Orcish Mines
 26668 | Orc:2    | Found a roughly hewn altar of Beogh.
 26782 | Orc:2    | Found a staircase to the Elven Halls.
 27027 | Orc:2    | Found a roughly hewn altar of Beogh.
 27139 | Orc:2    | Reached skill level 10 in Shields
 27233 | Orc:2    | Found a roughly hewn altar of Beogh.
 27329 | Orc:2    | Found a roughly hewn altar of Beogh.
 27344 | Orc:2    | Found Alonann's Weapon Boutique.
 27397 | Orc:2    | Noticed an orc warlord
 27411 | Orc:2    | Killed an orc warlord
 27676 | Orc:2    | Found Zubeaworgh's Antique Weapon Emporium.
 27677 | Orc:2    | Found a roughly hewn altar of Beogh.
 27681 | Orc:2    | Found Ucheufau's Antique Armour Shoppe.
 27695 | Orc:2    | Bought an embroidered scarf for 192 gold pieces
 27759 | Orc:2    | Received a gift from Trog
 27833 | Orc:2    | Found a roughly hewn altar of Beogh.
 27843 | Orc:2    | Found Ymorri's Book Boutique.
 28002 | Orc:1    | Bought a +2 pair of boots of flying for 344 gold pieces
 28575 | D:13     | Found Muol's Jewellery Boutique.
 28583 | D:13     | Bought the ring of Contentment {rPois Will+ Str+5} for 653
                  | gold pieces
 29313 | D:14     | Found Xanimem's Blood Bar.
 29807 | D:14     | Found a gate to the Vaults.
 30092 | D:15     | Entered Level 15 of the Dungeon
 30184 | D:15     | Reached skill level 15 in Armour
 30223 | D:15     | Reached XP level 16. HP: 139/139 MP: 15/15
 30255 | D:15     | Received a gift from Trog
 30884 | D:15     | Found a staircase to the Depths.
 31424 | Lair:3   | Killed Zawk's ghost
 31466 | Swamp:1  | Entered Level 1 of the Swamp
 32947 | Swamp:2  | Noticed a thorn hunter
 32958 | Swamp:2  | Killed a thorn hunter
 34085 | Swamp:3  | Found a frozen archway.
 34094 | IceCv    | Entered an ice cave
 34104 | IceCv    | Received a gift from Trog
 34166 | IceCv    | Reached skill level 15 in Dodging
 34832 | Swamp:3  | Found a large runed translucent door.
 34832 | Swamp:3  | Found a large runed translucent door.
 34836 | Swamp:3  | Noticed Odwax's ghost (adept MiFi)
 34860 | Swamp:3  | Killed Odwax's ghost
 34861 | Swamp:3  | Reached XP level 17. HP: 154/154 MP: 16/16
 34891 | Swamp:3  | Reached skill level 15 in Fighting
 35770 | Swamp:4  | Entered Level 4 of the Swamp
 35863 | Swamp:4  | Noticed Mara
 35883 | Swamp:4  | Noticed EldarEldrad's illusion
 35901 | Swamp:4  | Noticed EldarEldrad's illusion
 36287 | Swamp:4  | Noticed EldarEldrad's illusion
 36318 | Swamp:4  | Noticed EldarEldrad's illusion
 36324 | Swamp:4  | Killed Mara
 36741 | Swamp:4  | Received a gift from Trog
 36748 | Swamp:4  | Identified the +9 broad axe of Peace {antimagic, rN+ Will-
                  | Str+2} (Trog gifted it to you on level 4 of the Swamp)
 37537 | Swamp:4  | Reached skill level 15 in Shields
 37822 | Swamp:4  | Got a decaying rune of Zot
 37930 | Swamp:4  | Paralysed by a Zot trap for 3 turns
 38024 | Snake:1  | Entered Level 1 of the Snake Pit
 38105 | Snake:1  | Noticed Louise
 38123 | Snake:1  | Killed Louise
 38202 | Snake:1  | Reached skill level 10 in Evocations
 38648 | Snake:1  | Reached XP level 18. HP: 163/163 MP: 17/17
 38654 | Snake:1  | Noticed Kirke
 38666 | Snake:1  | Killed Kirke
 38667 | Snake:1  | Noticed Aizul
 38684 | Snake:1  | Killed Aizul
 39099 | Snake:1  | Found a runed translucent door.
 39467 | Snake:1  | Received a gift from Trog
 39885 | Snake:2  | Noticed Agnes
 39898 | Snake:2  | Killed Agnes
 40550 | Snake:2  | Received a gift from Trog
 40749 | Snake:2  | Found Sum Amin's Antique Armour Boutique.
 40757 | Snake:2  | Bought a shiny plate armour for 754 gold pieces
 42183 | Snake:3  | Noticed Vashnia
 42200 | Snake:3  | Killed Vashnia
 43052 | Vaults:1 | Entered Level 1 of the Vaults
 43098 | Vaults:1 | Received a gift from Trog
 43115 | Vaults:1 | Reached XP level 19. HP: 179/179 MP: 18/18
 43270 | Vaults:1 | Found a runed translucent door.
 43272 | Vaults:1 | Noticed Lofupn's ghost (adept SpEn)
 43301 | Vaults:1 | Killed Lofupn's ghost
 43353 | Vaults:1 | Found Harhin's Jewellery Emporium.
 43360 | Vaults:1 | Bought the amulet of the Endless Expanse {Faith rElec rPois
                  | Dex-2} for 810 gold pieces
 44032 | Vaults:1 | Received a gift from Trog
 44741 | Snake:4  | Entered Level 4 of the Snake Pit
 45407 | Snake:4  | Received a gift from Trog
 46631 | Snake:4  | Received a gift from Trog
 47332 | Snake:4  | Got a serpentine rune of Zot
 47769 | Snake:4  | Received a gift from Trog
 48495 | Vaults:2 | Reached XP level 20. HP: 184/193 MP: 19/19
 48561 | Vaults:2 | Noticed Margery
 48569 | Vaults:2 | Killed from afar by Margery

Illustrated notes

Levels and vault maps discovered:
D:1:      dpeg_arrival_renting, layout_basic
D:2:      layout_rooms, nemelex_altar_shiori, kennysheep_slug_shrine,
          lemuel_doored_altar, minitemple, chequers_serial_rivers_room_b,
          fedhas_ov_isle_minmay, uniq_jessica
D:3:      layout_basic, chequers_temple_overflow_minitemple,
          lemuel_coloured_pillars_altar, nicolae_ru_sacrificial_ziggurat
D:4:      layout_layer_cave, minmay_temple_entry_tees
D:5:      layout_loops_ring, serial_shops, shop, gammafunk_ghost_split,
          okawaru_gym_becter
D:6:      layout_basic, cheibrodos_sewer_entry_sluice
D:7:      layout_loops_ring, enter_ossuary_1
D:8:      hangedman_cross_veins, layout_basic
D:9:      kennysheep_housing_project, layout_long_grid,
          nicolae_tso_carved_into_rock, lair_entry_dummy, minivault_16
D:10:     layout_rooms, chequers_serial_rivers_micro_e
D:11:     layout_cave_pools, tgw_xom, uniq_harold
D:12:     minmay_the_grid_triangle_9x9_line_8_mashed
          [minmay_the_grid_triangle_9x9_flanged_cone,
          minmay_the_grid_triangle_9x9_alien,
          minmay_the_grid_triangle_9x9_thin_v,
          minmay_the_grid_triangle_9x9_negative_grid,
          minmay_the_grid_triangle_9x9_from_above,
          minmay_the_grid_triangle_9x9_subtriangle,
          minmay_the_grid_triangle_9x9_zippers_horizontal,
          minmay_the_grid_triangle_9x9_prize_schism], layout_basic, david_orc_3,
          serial_aquarium, aquarium_bridge_island_large
          [aquarium_subvault_large_open, aquarium_subvault_bridge,
          aquarium_subvault_wall, aquarium_subvault_bridge,
          aquarium_subvault_wall], aquarium_window_corridor_3,
          aquarium_window_2, aquarium_window_1, aquarium_view_2d,
          aquarium_balcony_3a, aquarium_pool_1, the_bakery, uniq_psyche,
          uniq_erolcha
D:13:     kennysheep_room_grid, layout_basic, serial_shops, shop
D:14:     layout_rooms, skrybe_vaults_entry_preservation,
          chequers_serial_rivers_micro_d, guppyfry_shop_blood
D:15:     grunt_enter_depths_hoard, layout_cave_pools,
          hangedman_decor_peaks_small, kennysheep_four_rooms
Temple:   minmay_temple_curvy_loop
Lair:1:   layout_cave_pods, grunt_forest_small_clearings,
          chequers_serial_rivers_marsh, uniq_fannar
Lair:2:   layout_loops_ring, gauntlet_entry_generic, zaba_anthell,
          grunt_megastairs_2, infiniplex_staircase_pool, uniq_urug
Lair:3:   minmay_lair_oklob_tunnel, layout_loops_ring,
          skrybe_swamp_entry_bodies, guppyfry_snake_entry_garden,
          gammafunk_ghost_split, uniq_gastronok
Lair:4:   layout_concentric_octagons, grunt_megastairs_5
Lair:5:   layout_long_grid, nicolae_volcano_entry_hallway, st_stairs_7
Lair:6:   minmay_lair_end_frog_pond, layout_big_grid, slime_altar_1,
          gammafunk_ghost_grave
Swamp:1:  layout_falls_marsh, hangedman_swamp_cone
Swamp:2:  layout_basic_swamp, evilmike_swamp_ruin_house_5, swamp_pool2,
          cheibrodos_swamp_pet_leeches
Swamp:3:  layout_basic_swamp, ebering_ghost_disaster_area,
          portal_ice_cave_entry_pillars_1, evilmike_swamp_ruin_house_1,
          swamp_pool5, nzn_swamp_stair_ambush
Swamp:4:  swamp_basic_johnstein, layout_basic_swamp, uniq_mara
Snake:1:  layout_cave_shapes, st_stairs_5, lightli_airlock, grunt_megastairs_3,
          uniq_louise, uniq_kirke, uniq_aizul
Snake:2:  layout_misc_corridors, serial_shops, shop, hangedman_venom_bottle,
          uniq_agnes
Snake:3:  layout_onion, uniq_vashnia
Snake:4:  snake_pit, layout_gridlike
Orc:1:    layout_caves, serial_shops, shop_coins, basic_altar,
          nicolae_orc_tapped_out
Orc:2:    grunt_orc_community_town_hall, layout_caves,
          grunt_orc_community_big_house_2, grunt_orc_community_big_house_2,
          grunt_orc_community_house_1, grunt_orc_community_house_3,
          grunt_orc_community_house_1, grunt_orc_community_house_1
Vaults:1: ebering_vaults_ghost_reflecting_pool, v_misc_9,
          vaults_room_fancy_cross, nicolae_vaults_network_quincunx
          [nicolae_vaults_network_quincunx_subvault,
          nicolae_vaults_network_quincunx_subvault,
          nicolae_vaults_network_quincunx_subvault,
          nicolae_vaults_network_quincunx_subvault,
          nicolae_vaults_network_quincunx_subvault], hangedman_vaults_cutoff,
          vaults_room_boxed, grunt_vaults_bifocal, ontoclasm_vaults_ring_large,
          nicolae_vaults_little_squares_2, ontoclasm_vaults_hangar, v_misc_19,
          vaults_room_stairs_pillars, nicolae_vaults_little_squares_6,
          vaults_standard_mumra_enter_the_diamond,
          nicolae_vaults_little_squares_4, layout_vaults_omnibox, serial_shops,
          shop
Vaults:2: minmay_crypt_entry_simple_box, v_pattern_4,
          grunt_vaults_hallway_short, hangedman_vaults_locks,
          hangedman_vaults_corner, vaults_room_pool,
          hangedman_vaults_river_flow, dpeg_vaults_monster_box,
          ontoclasm_vaults_shuriken, ontoclasm_vaults_loading_screen, v_misc_22,
          nicolae_vaults_little_squares_3, hangedman_vaults_hat,
          layout_vaults_ring, uniq_margery

Skill      XL: |  1  2  3  4  5  6  7  8  9 10 11 12 13 14 15 16 17 18 19 20 |
---------------+-------------------------------------------------------------+-----
Axes           | 4 5 6 7 8 9 11 13 14 15 16 18 20 | 20.0
Fighting       | 5 6 8 9 10 12 14 15 18 19 20 | 20.0
Shields        | 1 4 7 10 15 | 15.0
Armour         | 8 12 15 | 15.0
Evocations     | 4 5 7 9 10 12 14 | 14.8
Dodging        | 5 11 12 15 | 15.0

Action                   |  1- 3 |  4- 6 |  7- 9 | 10-12 | 13-15 | 16-18 | 19-21 || total
-------------------------+-------+-------+-------+-------+-------+-------+-------++-------
Melee: Hand axe          |    68 |   116 |   218 |       |       |       |       ||   402
       Headbutt          |     6 |    20 |    72 |   156 |   253 |   301 |   154 ||   962
       War axe           |       |       |   133 |   563 |   796 |       |       ||  1492
       Flail             |       |       |       |     9 |    26 |       |       ||    35
       Broad axe         |       |       |       |     7 |   394 |  1015 |   589 ||  2005
Throw: Dart              |       |       |     1 |     8 |     9 |       |       ||    18
Invok: Berserk           |     3 |     3 |     7 |     8 |     4 |     1 |     1 ||    27
       Trog's Hand       |       |     1 |     3 |     3 |     5 |     8 |     3 ||    23
       Brothers in Arms  |       |       |       |       |     1 |     1 |       ||     2
 Abil: Stop Flying       |       |       |       |       |     1 |       |       ||     1
Evoke: Wand              |       |       |       |       |     1 |       |       ||     1
  Use: Scroll            |       |     6 |     3 |     7 |    12 |     7 |     3 ||    38
       Potion            |       |       |       |       |       |     1 |     2 ||     3
 Stab: Distracted        |       |       |       |       |       |     1 |       ||     1
Armor: Leather armour    |     2 |       |       |       |       |       |       ||     2
       Ring mail         |    11 |    31 |    43 |       |       |       |       ||    85
       Chain mail        |       |       |    25 |   113 |       |       |       ||   138
       Plate armour      |       |       |       |    12 |   391 |   311 |   138 ||   852
       Fire dragon scale |       |       |       |       |     2 |       |       ||     2
Dodge: Dodged            |    22 |    56 |   112 |   139 |   359 |   331 |   148 ||  1167
Block: Buckler           |       |       |    23 |   110 |   241 |   205 |       ||   579
       Kite shield       |       |       |       |       |       |   317 |   343 ||   660
       Reflection        |       |       |       |       |       |    64 |     1 ||    65

Table legend: (Time is in decaauts)
 A = Elapsed time spent in this place.
 B = Non-inter-level travel time spent in this place.
 C = Inter-level travel time spent in this place.
 D = Time resting spent in this place.
 E = Time spent auto-exploring this place.
 F = Levels seen in this place.
 G = Mean time per level.
                   A        B        C        D        E       F      G
               +--------+--------+--------+--------+--------+-----+--------+
         Total |  48016 |  45637 |   2379 |  10726 |  25360 |  36 | 1333.8 |
       Dungeon |  18288 |  17189 |   1099 |   3266 |  10419 |  15 | 1219.2 |
        Temple |    220 |    198 |     22 |      0 |    197 |   1 |  220.0 |
          Lair |  10494 |   9888 |    606 |   1701 |   6192 |   6 | 1749.0 |
         Swamp |   6039 |   5828 |    211 |   2358 |   2486 |   4 | 1509.8 |
     Snake Pit |   8008 |   7714 |    294 |   2691 |   3560 |   4 | 2002.0 |
  Orcish Mines |   2307 |   2224 |     83 |    131 |   1358 |   2 | 1153.5 |
        Vaults |   1790 |   1728 |     62 |    135 |   1061 |   2 |  895.0 |
      Ice Cave |    570 |    570 |      0 |    340 |      1 |   1 |  570.0 |
       Volcano |    295 |    295 |      0 |    102 |     85 |   1 |  295.0 |
               +--------+--------+--------+--------+--------+-----+--------+

Top non-repeatable levels by time:
 Snake:3: 2584 daAuts
  Lair:6: 2299 daAuts
  Lair:2: 2259 daAuts
  Lair:1: 2033 daAuts
 Snake:4: 2012 daAuts
     D:9: 1915 daAuts
  Lair:3: 1904 daAuts
    D:12: 1764 daAuts
 Swamp:4: 1758 daAuts
 Swamp:3: 1725 daAuts
 Snake:1: 1716 daAuts
 Snake:2: 1694 daAuts
     D:5: 1640 daAuts
     D:8: 1588 daAuts
   Orc:2: 1476 daAuts
